AoeStats
← x_treme77

Oasis

509513324Analyzed
4v4 RM · 4d ago on Sep 27, 2026· 39m 28s· 8 players
Game mode
Random Map
Map size
Large (8 player)
Population
200
Speed
Normal
Resources
Standard
Victory
Conquest
Starting age
Dark Age
Ending age
Imperial Age
RankedLock teamsTeams togetherTeam positionsShared explorationLock speedFull tech treeHidden civsTurbo modeCheats
Victory
Defeat
🇺🇸 Spanish · United States
1529
+9
🇺🇸 Shu · United States
1487
+11
🇺🇸 Georgians · United States
1295
+18
🇺🇸 Khmer · United States
1208
+21
🇲🇽 Saracens · Mexico
1524
-22
🇲🇽 Varangians · Mexico
1334
-14
🇦🇷 Danes · Argentina
1321
-13
🇲🇽 Italians · Mexico
1230
-10
moramora48
5:47 Loom
7:21 Loom
9:35 Feudal Age
10:12 Double-Bit Axe
15:15 Bloodlines
24:27 Castle Age
23:08 Horse Collar
23:52 Scale Barding Armor
25:14 Light Cavalry
29:06 Husbandry
29:19 Forging
29:32 Chain Barding Armor
29:53 Wheelbarrow
30:31 Forging
38:57 Hand Cart
38:28 Town Watch
Razgado12
7:42 Loom
10:02 Feudal Age
11:20 Double-Bit Axe
19:04 Castle Age
17:04 Horse Collar
18:23 Scale Barding Armor
19:05 Forging
22:05 Bow Saw
27:20 Chain Barding Armor
28:22 Bloodlines
28:28 Husbandry
30:06 Fletching
30:17 Padded Archer Armor
32:18 Bodkin Arrow
32:59 Leather Archer Armor
34:18 Wheelbarrow
35:40 Ballistics
36:57 Masonry
Moris )
6:27 Loom
8:53 Feudal Age
16:17 Double-Bit Axe
20:52 Fletching
26:23 Castle Age
24:34 Padded Archer Armor
28:43 Crossbowman
32:10 Bodkin Arrow
33:50 Gold Mining
ZoonFAunlimónki
6:20 Loom
9:01 Feudal Age
11:43 Double-Bit Axe
19:20 Castle Age
20:28 Scale Mail Armor
20:38 Forging
20:41 Bow Saw
21:09 Wheelbarrow
20:20 Town Watch
20:54 Gold Mining
22:31 Horse Collar
24:44 Squires
26:37 Hand Cart
rubatubdubs
6:08 Loom
8:50 Feudal Age
9:14 Man-at-Arms
10:22 Arson
14:38 Fletching
25:57 Padded Archer Armor
25:57 Scale Mail Armor
30:44 Castle Age
29:52 Double-Bit Axe
29:53 Horse Collar
31:45 Bow Saw
37:23 Wheelbarrow
37:44 Town Watch
mhilla73
6:09 Loom
11:33 Feudal Age
16:30 Bloodlines
22:55 Forging
26:20 Scale Barding Armor
33:48 Castle Age
32:07 Double-Bit Axe
32:05 Horse Collar
34:10 Light Cavalry
x_treme77
6:50 Loom
9:42 Feudal Age
10:50 Double-Bit Axe
17:41 Fletching
21:39 Castle Age
22:14 Bodkin Arrow
21:43 Crossbowman
29:13 Horse Collar
29:50 Padded Archer Armor
29:45 Gold Mining
31:06 Wheelbarrow
30:16 Town Watch
33:19 Ballistics
37:00 Imperial Age
35:59 Leather Archer Armor
37:45 Bracer
38:47 Chemistry
37:18 Arbalester
Divine
8:04 Loom
10:24 Feudal Age
12:57 Double-Bit Axe
12:54 Horse Collar
16:53 Wheelbarrow
19:06 Castle Age
19:23 Bloodlines
19:17 Fletching
19:42 Forging
20:45 Husbandry
21:27 Scale Barding Armor
24:02 Light Cavalry
31:47 Iron Casting
36:06 Chain Barding Armor
Connection lost

Rejoining the realm…

Still unreachable

The connection could not be restored.

Session expired

The server has moved on; the page needs a fresh start.